 Dungeon Crawl Stone Soup version 0.32-a0-128-g77eb882913 (webtiles) character file.

Game seed: 17010916997127207449

21343 Pooter the Severer (level 12, -7/112 HPs)
             Began as a Minotaur Berserker on Feb 7, 2024.
             Was a High Priest of Trog.
             Mangled by an orc warrior
             ... wielding a +0 scimitar
              (12 damage)
             ... on level 2 of the Orcish Mines on Feb 8, 2024.
             The game lasted 01:14:31 (13869 turns).

Pooter the Severer (Minotaur Berserker)            Turns: 13869, Time: 01:14:32

Health: -7/112     AC: 18    Str: 33    XL:     12   Next: 53%
Magic:  3/3        EV:  8    Int: 10    God:    Trog [*****.]
Gold:   1025       SH:  0    Dex: 10    Spells: 11/11 levels left

rFire   + + +        a - +8 executioner's axe "Selytirch" {antimagic, *Noise rF+++ rC- Int+3}
rCold   x . .        (shield currently unavailable)
rNeg    . . .        q - +2 plate armour {Will+}
rPois   .            (helmet restricted)
rElec   .            l - +2 cloak
rCorr   .            G - +1 pair of gloves
SInv    .            (no boots)
Will    +++..        (no amulet) Stlth
                     I - +6 ring of strength
HPRegen 1.38/turn    w - ring "Xaghujis" {Int+3 Slay+4}
MPRegen 0.08/turn

%: no passive effects
@: strong-willed, on berserk cooldown, regenerating, slowed, studying
Invocations, very slow
A: horns 2, retaliatory headbutt
a: Renounce Religion, Berserk, Trog's Hand, Brothers in Arms


You were on level 2 of the Orcish Mines.
You worshipped Trog.
Trog was extremely pleased with you.
You visited 2 branches of the dungeon, and saw 13 of its levels.
You also visited: Bailey.

You collected 1025 gold pieces.

Inventory:

Hand Weapons
 a - the +8 executioner's axe "Selytirch" (weapon) {antimagic, *Noise rF+++ rC- Int+3}
   (You acquired it on level 8 of the Dungeon)

   Int+3:     It affects your intelligence (+3).
   rF+++:     It renders you almost immune to fire.
   rC-:       It makes you vulnerable to cold.
   *Noise:    It may make a loud noise when swung.
 b - a +0 orcbow
   (You took it off an orc warrior on level 1 of the Orcish Mines)
 e - a +0 heavy dire flail
   (You took it off an orc warrior on level 7 of the Dungeon)
 j - a +0 battleaxe of protection
   (You took it off an orc warrior on level 8 of the Dungeon)
 m - a +4 quarterstaff of chaos
   (You took it off Crazy Yiuf on level 2 of the Dungeon)
 r - a +2 dire flail of draining
   (You took it off Edmund on level 5 of the Dungeon)
 v - a +3 war axe
   (You took it off a wight on level 7 of the Dungeon)
 A - the +3 hand axe of Harmony {antimagic, Dex+3}
   (You took it off a gnoll on level 4 of the Dungeon)

   Dex+3:     It affects your dexterity (+3).
 M - a +2 demon trident of venom
   (You took it off Urug on level 1 of the Orcish Mines)
 N - a +0 arbalest
   (You took it off a kobold blastminer on level 2 of the Orcish Mines)
Missiles
 c - 35 boomerangs (quivered)
 n - 14 datura-tipped darts
 y - 10 curare-tipped darts
 z - 4 javelins
 H - 23 poisoned darts
 Q - 136 stones
Armour
 l - a +2 cloak (worn)
   (You took it off Crazy Yiuf on level 2 of the Dungeon)
 q - a +2 plate armour of willpower (worn)
   (You found it in a bailey)
 G - a +1 pair of gloves (worn)
   (You found it on level 6 of the Dungeon)
 J - a +3 chain mail of poison resistance
   (You took it off an orc warrior on level 11 of the Dungeon)
Jewellery
 w - the ring "Xaghujis" (right hand) {Int+3 Slay+4}
   (You found it on level 9 of the Dungeon)

   [ring of slaying]

   Int+3:     It affects your intelligence (+3).
   Slay+4:    It affects your accuracy & damage with ranged weapons and melee
   (+4).
 I - a +6 ring of strength (left hand)
   (You found it on level 8 of the Dungeon)
Wands
 s - a wand of roots (3)
   (You found it in a bailey)
 u - a wand of paralysis (9)
   (You found it on level 10 of the Dungeon)
 x - a wand of acid (2)
   (You took it off Urug on level 1 of the Orcish Mines)
Scrolls
 i - a scroll of blinking {unknown}
 k - 2 scrolls of fog
 o - 2 scrolls of enchant weapon
 t - 5 scrolls of teleportation {@r4}
 B - 3 scrolls of vulnerability {!r}
Potions
 d - 7 potions of lignification {!q}
 f - 2 potions of invisibility {unknown}
 g - a potion of berserk rage {unknown}
 h - 6 potions of curing {@q1}
 p - a potion of might {unknown}
 C - a potion of mutation {unknown}
 D - a potion of brilliance {unknown}
 E - a potion of ambrosia {unknown}
 F - a potion of cancellation {unknown}
 K - a potion of attraction {unknown}
 L - a potion of haste {@q3}


   Skills:
 + Level 11.9 Fighting
 * Level 16.0 Axes
 * Level 13.4 Ranged Weapons
 - Level 3.3 Throwing
 - Level 2.4 Armour
 - Level 2.1 Dodging
 - Level 1.9 Stealth
 - Level 2.9 Evocations


You had 11 spell levels left.
You didn't know any spells.
Your spell library was empty.

Dungeon Overview and Level Annotations

Branches:
Dungeon (11/15) Zot: 25575  Temple (0/1) D:5            Lair (0/5) D:11
    Orc (2/2) D:11 Zot: 10809  Bailey (visited)
    Elf: Orc:2

Altars:
Ashenzari
Cheibriados
Dithmenos
Fedhas
Kikubaaqudgha
Okawaru
Qazlal
Ru
Trog
Wu Jian
Xom
Jiyva

Shops:
D:1 :   Orc:2 [

Annotations:
D:10 3 runed translucent doors, Dittersdorf's ghost, journeyman GrFi


Innate Abilities, Weirdness & Mutations

You have a pair of horns on your head.
You reflexively headbutt those who attack you in melee.


Message History

You slice the troll!!
You kill the troll!
Trog accepts your kill.
The troll leather armour is intact enough to wear.
You barely miss the orc warrior.
The orc warrior hits you but does no damage.
The orc warrior closely misses you.
An orc comes into view. It is wielding a +0 flail.
The orc warrior hits you with a +0 scimitar!
* * * LOW HITPOINT WARNING * * *
The troll closely misses you. The troll claws you but does no damage.
The troll barely misses you. The orc warrior barely misses you.
You slice the troll like a ripe choko!!!
You kill the troll!
Trog accepts your kill.
You carve the orc like a ham!!!
You kill the orc!
Trog accepts your kill.
You hit the orc warrior. You hit the orc sorcerer.
The orc sorcerer's magic leaks into the air.
You hit the orc warrior.
You hear a shout! x2
The orc warrior hits you from afar with a +0 halberd!
* * * LOW HITPOINT WARNING * * *
An orc knight comes into view. It is wielding a +0 long sword.
The orc warrior hits you with a +0 scimitar!
* * * LOW HITPOINT WARNING * * *
The orc sorcerer hits you but does no damage.
The orc warrior hits you from afar with a +0 halberd!
* * * LOW HITPOINT WARNING * * *
The orc sorcerer closely misses you. The orc warrior completely misses you.
An orc comes into view. It is wielding a +0 club.
The orc warrior barely misses you.
Your Axes skill increases to level 16!
You barely miss the orc.
Your executioner's axe "Selytirch" intones a prayer.
You closely miss the orc sorcerer. You barely miss the orc warrior.
The orc shouts!
You hit the orc warrior. You closely miss the orc wizard.
You hear a shout! x22
The orc sorcerer's magic is no longer disrupted.
The orc warrior hits you from afar with a +0 halberd!
* * * LOW HITPOINT WARNING * * *
The orc knight roars a battlecry!
The orcs go into a battle-frenzy!
The orc knight roars a battlecry!
The orc warrior goes into a battle-frenzy!
The orc closely misses you.
The orc warrior hits you with a +0 scimitar!
You die...

.........T
.......§..
PP......P
§.......o
###........
##<#o.^.....
#...........
####o.$....###
##.o@oo....##
#...oo.....#
##..o.o......
####.....)...
##..o....o.
#.........
....oo #.#...
..


You could see 2 orc knights, an orc sorcerer (strong), 4 orc warriors, an orc
wizard (strong) and 4 orcs.

Vanquished Creatures
  An ettin (Orc:1)
  7 two-headed ogres
  An orc high priest (Orc:1)
  Urug (Orc:1)
  An orc sorcerer (Orc:2)
  A kobold blastminer (Orc:2)
  3 red devils (D:10)
  2 hornets
  7 trolls
  Grinder (D:4)
  Prince Ribbit (D:5)
  2 wraiths
  A shadow (D:11)
  A vampire (D:11)
  15 yaks
  2 wargs
  A steam dragon (D:8)
  Menkaure (D:4)
  Edmund (D:5)
  2 water moccasins
  Duvessa (D:4)
  4 black bears
  31 orc warriors
  A sky beast (D:6)
  2 ice beasts
  2 wolves (D:11)
  An ogre (D:9)
  A centaur (D:7)
  A phantom (D:5)
  6 kobold brigands
  2 bullfrogs (D:9)
  2 gnoll sergeants
  3 scorpions
  11 wights
  Dowan (D:4)
  13 killer bees
  2 vampire bats (D:5)
  A howler monkey (D:8)
  4 bombardier beetles
  5 jellies
  16 orc priests
  4 hounds
  Crazy Yiuf (D:2)
  3 sleepcaps
  An iguana (D:5)
  Natasha (thrice) (D:2)
  22 orc wizards
  Robin (D:4)
  14 gnolls
  5 adders
  A shadow imp (D:7)
  A white imp (D:5)
  2 ribbon worms
  2 dart slugs
  93 orcs
  4 ball pythons
  3 bat skeletons (D:5)
  2 bat zombies (D:5)
  7 endoplasms
  6 giant cockroaches
  17 goblins
  9 hobgoblins
  22 kobolds
  A quokka (D:5)
  4 bats
  2 frilled lizards
  4 rats
396 creatures vanquished.

Vanquished Creatures (collateral kills)
  An orc warrior (D:9)
  2 orcs (D:9)
3 creatures vanquished.

Vanquished Creatures (others)
  2 yaks (D:9)
  An orc wizard (D:9)
3 creatures vanquished.

Grand Total: 402 creatures vanquished

Notes
Turn   | Place    | Note
-------+----------+-------------------------------------------
     0 | D:1      | Pooter the Minotaur Berserker began the quest for the Orb.
     0 | D:1      | Reached XP level 1. HP: 19/19 MP: 0/0
   174 | D:1      | Found Wederuru's Vocational Training.
   217 | D:1      | Reached XP level 2. HP: 20/27 MP: 1/1
   479 | D:1      | Reached skill level 4 in Axes
   704 | D:2      | Reached skill level 1 in Throwing
   798 | D:2      | Reached XP level 3. HP: 28/33 MP: 2/2
   971 | D:2      | Reached skill level 1 in Evocations
  1006 | D:2      | Noticed Natasha
  1009 | D:2      | Killed Natasha
  1023 | D:2      | Reached ** piety under Trog
  1024 | D:2      | Reached XP level 4. HP: 39/40 MP: 3/3
  1025 | D:2      | Noticed Natasha
  1207 | D:2      | Killed Natasha
  1274 | D:2      | Found a runed translucent door.
  1275 | D:2      | Noticed Crazy Yiuf
  1280 | D:2      | Killed Crazy Yiuf
  1281 | D:2      | Reached skill level 5 in Axes
  1558 | D:2      | Noticed Natasha
  1564 | D:2      | Killed Natasha
  1565 | D:2      | Reached XP level 5. HP: 47/47 MP: 4/4
  2193 | D:4      | Noticed Duvessa
  2193 | D:4      | Noticed Dowan
  2226 | D:4      | Killed Duvessa
  2227 | D:4      | Reached XP level 6. HP: 49/55 MP: 5/5
  2227 | D:4      | Killed Dowan
  2228 | D:4      | Reached skill level 6 in Axes
  2228 | D:4      | Reached skill level 1 in Stealth
  2329 | D:4      | Noticed Robin
  2333 | D:4      | Reached skill level 5 in Fighting
  2336 | D:4      | Killed Robin
  2454 | D:4      | You fall into a shaft and drop 3 floors!
  2458 | D:7      | Noticed an orc warrior
  2474 | D:7      | Reached XP level 7. HP: 61/61 MP: 6/6
  2498 | D:7      | Reached skill level 7 in Axes
  2570 | D:7      | Reached skill level 1 in Ranged Weapons
  2742 | D:6      | Noticed a two-headed ogre
  2746 | D:6      | Reached XP level 8. HP: 68/70 MP: 7/7
  2755 | D:6      | Killed a two-headed ogre
  2756 | D:6      | Reached skill level 8 in Axes
  2784 | D:6      | Reached skill level 9 in Axes
  2995 | D:7      | Reached skill level 5 in Ranged Weapons
  3147 | D:5      | Entered Level 5 of the Dungeon
  3187 | D:5      | Noticed Prince Ribbit
  3204 | D:4      | Noticed Menkaure
  3208 | D:4      | Killed Menkaure
  3209 | D:4      | Reached XP level 9. HP: 51/79 MP: 8/8
  3308 | D:5      | Killed Prince Ribbit
  3407 | D:4      | Noticed Grinder
  3660 | D:4      | Killed Grinder
  3661 | D:4      | Reached skill level 10 in Axes
  3662 | D:4      | Found a sacrificial altar of Ru.
  3805 | D:4      | Reached *** piety under Trog
  3837 | D:4      | Identified the +3 hand axe of Harmony {antimagic, Dex+3}
  4514 | D:5      | Noticed Edmund
  4522 | D:5      | Killed Edmund
  4970 | D:5      | Found a staircase to the Ecumenical Temple.
  5049 | D:5      | Found a shadowy altar of Dithmenos.
  5052 | D:5      | Found a bloodstained altar of Trog.
  5055 | D:5      | Found an iron altar of Okawaru.
  5087 | D:5      | Found an ancient bone altar of Kikubaaqudgha.
  5317 | D:6      | Reached skill level 11 in Axes
  5509 | D:6      | Found a snail-covered altar of Cheibriados.
  5511 | D:6      | Found a broken altar of Ashenzari.
  5511 | D:6      | Found a blossoming altar of Fedhas.
  5515 | D:6      | Found an ornate altar of the Wu Jian Council.
  5515 | D:6      | Found a sacrificial altar of Ru.
  5516 | D:6      | Found a stormy altar of Qazlal.
  5997 | D:7      | Reached XP level 10. HP: 77/90 MP: 9/9
  6502 | D:8      | Paralysed by a hornet for 2 turns
  6508 | D:8      | Paralysed by a hornet for 3 turns
  6612 | D:8      | Noticed a two-headed ogre
  6618 | D:8      | Killed a two-headed ogre
  6619 | D:8      | Reached skill level 12 in Axes
  6791 | D:8      | Identified a scroll of acquirement
  6791 | D:8      | Acquired the +8 executioner's axe "Selytirch" {antimagic,
                  | *Noise rF+++ rC- Int+3}
  6807 | D:8      | Noticed a two-headed ogre
  6814 | D:8      | Killed a two-headed ogre
  7784 | D:9      | Found a flagged portal.
  7800 | D:9      | Reached skill level 10 in Ranged Weapons
  7801 | D:9      | Reached skill level 13 in Axes
  7967 | Bailey   | Entered a bailey
  8016 | Bailey   | Reached **** piety under Trog
  8177 | Bailey   | Reached XP level 11. HP: 93/99 MP: 10/10
  8265 | Bailey   | Found a burning altar of Makhleb.
  8413 | D:9      | Reached skill level 10 in Fighting
  8527 | D:9      | Noticed a two-headed ogre
  8536 | D:9      | Killed a two-headed ogre
  8541 | D:9      | Noticed a two-headed ogre
  8691 | D:9      | Killed a two-headed ogre
  9039 | D:9      | Identified the ring "Xaghujis" {Int+3 Slay+4}
  9083 | D:9      | Identified the +2 robe "Xablaf" {+Blink rF+ Int+3}
  9235 | D:9      | Reached skill level 14 in Axes
  9565 | D:9      | Found a shimmering altar of Xom.
  9773 | D:10     | Entered Level 10 of the Dungeon
 10154 | D:10     | Found a runed translucent gate.
 10156 | D:10     | Found a runed translucent gate.
 10157 | D:10     | Found a runed translucent gate.
 10157 | D:10     | Noticed Dittersdorf's ghost (journeyman GrFi)
 10162 | D:10     | Found a viscous altar of Jiyva.
 10231 | D:10     | Reached ***** piety under Trog
 10660 | D:10     | Noticed a two-headed ogre
 10666 | D:10     | Killed a two-headed ogre
 11304 | D:11     | Found a staircase to the Lair.
 11311 | D:11     | Reached XP level 12. HP: 84/110 MP: 3/11
 11314 | D:11     | Reached skill level 15 in Axes
 11557 | D:11     | Found a staircase to the Orcish Mines.
 12091 | D:11     | Noticed a two-headed ogre
 12105 | D:11     | Killed a two-headed ogre
 12289 | Orc:1    | Entered Level 1 of the Orcish Mines
 12292 | Orc:1    | Noticed Urug
 12306 | Orc:1    | Killed Urug
 12528 | Orc:1    | Noticed an ettin
 12624 | Orc:1    | Killed an ettin
 12632 | Orc:1    | Noticed an orc high priest
 12780 | Orc:1    | Killed an orc high priest
 13847 | Orc:2    | Entered Level 2 of the Orcish Mines
 13848 | Orc:2    | Found Buhit's Antique Armour Shoppe.
 13869 | Orc:2    | Reached skill level 16 in Axes
 13869 | Orc:2    | HP: 5/112 [orc warrior/+0 halberd[an orc warlord] (14)]
 13869 | Orc:2    | Mangled by an orc warrior

Illustrated notes

Levels and vault maps discovered:
D:1:      co_arrival_square_in_a_square_in_a_square, layout_loops_cross,
          nicolae_shop_vocational
D:2:      layout_rooms, chequers_garden, uniq_crazy_yiuf_cottage, uniq_natasha
D:3:      layout_rooms, kennysheep_nub, mrwooster_statue_mirror
D:4:      layout_gridville, minmay_ruined_shrine, uniq_menkaure, uniq_robin,
          uniq_grinder, uniq_duvessa
D:5:      layout_basic, grunt_temple_overflow_diamond,
          kennysheep_vampire_church, temple_hall, uniq_prince_ribbit1,
          uniq_edmund
D:6:      layout_rooms, grunt_temple_overflow_open
D:7:      layout_rooms
D:8:      layout_basic
D:9:      layout_roguey, xom_confusion_cloud, special_room [special_room_orc],
          enter_bailey_5, kennysheep_doodads, patterned_corridor
D:10:     layout_grid_maze, gammafunk_ghost_ooze,
          einodemon_armed_red_devil_minivault
D:11:     layout_loops_ring, erik_lair_orcish_takeover, david_orc_5
Orc:1:    layout_caves, uniq_urug
Orc:2:    grunt_orc_gardens, layout_diamond_mine, grunt_orc_garden,
          grunt_orc_garden, grunt_orc_garden, grunt_orc_garden

Skill      XL: |  1  2  3  4  5  6  7  8  9 10 11 12 |
---------------+-------------------------------------+-----
Axes           | 4 5 6 7 9 11 13 14 16 | 16.0
Throwing       | 1 2 3 |  3.3
Fighting       | 4 5 6 7 8 9 11 | 11.9
Evocations     | 1 2 |  2.9
Stealth        | 1 |  1.9
Ranged Weapons | 2 5 8 10 12 13 | 13.4
Armour         | |  2.4
Dodging        | |  2.1

Action                     |  1- 3 |  4- 6 |  7- 9 | 10-12 || total
---------------------------+-------+-------+-------+-------++-------
  Melee: Hand axe          |    52 |    51 |       |    12 ||   115
         Headbutt          |     7 |    10 |    22 |    48 ||    87
         Punch             |     2 |     3 |       |     1 ||     6
         Quarterstaff      |       |     7 |    20 |       ||    27
         Dire flail        |       |       |   184 |   148 ||   332
         Executioner's axe |       |       |       |   212 ||   212
   Fire: Shortbow          |       |       |   102 |    84 ||   186
         Orcbow            |       |       |       |    13 ||    13
  Throw: Boomerang         |       |     7 |     3 |    25 ||    35
         Dart              |       |       |       |     1 ||     1
         Javelin           |       |       |       |     2 ||     2
 Invoke: Berserk           |     1 |     5 |     9 |    12 ||    27
         Trog's Hand       |       |     2 |     8 |    27 ||    37
  Evoke: Wand              |       |       |       |     6 ||     6
    Use: Scroll            |       |     3 |     1 |    12 ||    16
         Potion            |       |       |       |     1 ||     1
 Armour: Animal skin       |    33 |    46 |    13 |       ||    92
         Plate armour      |       |       |   271 |   493 ||   764
  Dodge: Dodged            |    26 |    39 |    96 |   218 ||   379

Table legend: (Time is in decaauts)
 A = Elapsed time spent in this place.
 B = Non-inter-level travel time spent in this place.
 C = Inter-level travel time spent in this place.
 D = Time resting spent in this place.
 E = Time spent auto-exploring this place.
 F = Levels seen in this place.
 G = Mean time per level.
                   A        B        C        D        E       F      G
               +--------+--------+--------+--------+--------+-----+--------+
         Total |  14334 |  14047 |    287 |   4601 |   6689 |  14 | 1023.9 |
       Dungeon |  12766 |  12479 |    287 |   3683 |   6389 |  11 | 1160.5 |
  Orcish Mines |   1189 |   1189 |      0 |    742 |    278 |   2 |  594.5 |
        Bailey |    378 |    378 |      0 |    175 |     22 |   1 |  378.0 |
               +--------+--------+--------+--------+--------+-----+--------+

Top non-repeatable levels by time:
     D:8: 1639 daAuts
     D:4: 1569 daAuts
     D:9: 1546 daAuts
    D:10: 1535 daAuts
    D:11: 1424 daAuts
   Orc:1: 1166 daAuts
     D:6: 1000 daAuts
     D:5: 977 daAuts
     D:2: 957 daAuts
     D:7: 858 daAuts
     D:1: 690 daAuts
     D:3: 565 daAuts
  Bailey: 378 daAuts
   Orc:2: 22 daAuts
